[Event "Titled Tuesday Blitz October 18 Late 2022"]
[White "Urazayev, Arystanbek"]
[Black "Ibadov, Dashgyn"]
[WhiteFideId "13709810"]
[BlackFideId "24107514"]
[WhiteElo "2843"]
[BlackElo "2498"]
[Result "1-0"]
[Round "03"]
[TimeControl "180+1"]
[Date "2022.10.19"]
[WhiteClock "0:01:21"]
[BlackClock "0:00:42"]

1. d4 d5 2. c4 e6 3. Nf3 c6 4. e3 Nf6 5. Nbd2 Nbd7 6. Bd3 Be7 7. O-O O-O 8. b3 b6 9. e4 dxe4 10. Nxe4 Bb7 11. Bb2 c5 12. Qc2 Nxe4 13. Bxe4 Bxe4 14. Qxe4 Nf6 15. Qe2 Qc7 16. Rad1 Rad8 17. Rfe1 Rfe8 18. h3 h6 19. dxc5 Qxc5 20. Ne5 Qc7 21. Qf3 Bb4 22. Rf1 Bd6 23. Nc6 Rc8 24. Nxa7 Qxa7 25. Rxd6 Qxa2 26. Bxf6 gxf6 27. Rxb6 Qb2 28. Rb7 f5 29. Rd1 Rcd8 30. Rdd7 Rxd7 31. Rxd7 Rb8 32. Qg3+ 1-0


[Site "https://www.chess.com"]

[Event "Titled Tuesday Blitz October 18 Late 2022"]
[White "Ventura Bolet, Maxim"]
[Black "Rastbod, Ali"]
[WhiteFideId "22238824"]
[BlackFideId "12567477"]
[WhiteElo "2186"]
[BlackElo "2248"]
[Result "1-0"]
[Round "03"]
[TimeControl "180+1"]
[Date "2022.10.19"]
[WhiteClock "0:00:29"]
[BlackClock "0:00:29"]

1. Nf3 Nf6 2. g3 b5 3. Bg2 Bb7 4. O-O e6 5. a4 b4 6. d4 c5 7. c3 cxd4 8. cxd4 Be7 9. Nbd2 O-O 10. Nb3 Ne4 11. Bf4 a5 12. Nfd2 f5 13. Nxe4 fxe4 14. Nc5 Bxc5 15. dxc5 Bd5 16. Bd6 Rf5 17. Qb1 e3 18. fxe3 Rxf1+ 19. Qxf1 Bxg2 20. Qxg2 Nc6 21. Rf1 Qg5 22. Qf3 h5 23. Qf7+ Kh7 24. Rf4 Rd8 25. Bc7 Rg8 26. Qxd7 Qxc5 27. Qxe6 Nd8 28. Bxd8 Rxd8 29. Rf5 Qc1+ 30. Kf2 g6 31. Qe7+ Kh6 32. Rf7 Rh8 33. Qf6 1-0


[Site "https://www.chess.com"]

[Event "Titled Tuesday Blitz October 18 Late 2022"]
[White "Vlassov, Nikolai"]
[Black "Kravtsiv, Martyn"]
[WhiteFideId "4103360"]
[BlackFideId "14113147"]
[WhiteElo "2324"]
[BlackElo "2694"]
[Result "0-1"]
[Round "03"]
[TimeControl "180+1"]
[Date "2022.10.18"]
[WhiteClock "0:00:08"]
[BlackClock "0:00:31"]

1. e4 e5 2. Bc4 Nf6 3. d3 Nc6 4. Nf3 Bc5 5. Bg5 h6 6. Bh4 d6 7. Nc3 g5 8. Bg3 Bg4 9. h4 Nh5 10. hxg5 hxg5 11. Nd5 Nd4 12. c3 Ne6 13. Ne3 Bxe3 14. fxe3 Qf6 15. Bf2 O-O-O 16. Kd2 Nc5 17. b4 Nd7 18. Qe2 Nb6 19. Bb3 d5 20. exd5 Nxd5 21. Bxd5 Rxd5 22. Kc2 Rhd8 23. Rad1 Qa6 24. Kb2 e4 25. Rd2 Ng7 26. Rh7 Qg6 27. Rh1 Qf6 28. Bg3 exf3 29. gxf3 Bxf3 30. Rf1 g4 31. Qh2 Rh5 32. Qf2 Nf5 33. e4 Nxg3 34. Qxg3 Qd6 0-1


[Site "https://www.chess.com"]

[Event "Titled Tuesday Blitz October 18 Late 2022"]
[White "Vujic, Mihailo"]
[Black "Fajdetic, Hrvoje"]
[WhiteFideId "918873"]
[BlackFideId "14501945"]
[WhiteElo "2256"]
[BlackElo "2172"]
[Result "0-1"]
[Round "03"]
[TimeControl "180+1"]
[Date "2022.10.19"]
[WhiteClock "0:01:30"]
[BlackClock "0:00:26"]

1. e4 e6 2. d4 d5 3. Nc3 dxe4 4. Nxe4 Nd7 5. Nf3 Ngf6 6. Bg5 Be7 7. Nxf6+ Nxf6 8. Bxf6 Bxf6 9. Bd3 c5 10. Qe2 cxd4 11. O-O-O O-O 12. h4 h6 13. g4 g6 14. h5 Kg7 15. hxg6 fxg6 16. Qe4 Bg5+ 17. Kb1 Qf6 18. Ne5 a5 19. Nxg6 Qf3 20. Nxf8 Qxe4 21. Nxe6+ Qxe6 22. Rhe1 Qf6 23. f3 Be6 24. Be4 Rb8 25. Rf1 Bf4 26. Rh1 b5 27. Rh5 Bg5 28. Rdh1 Qf4 29. Bd3 a4 30. Re1 Bf7 31. Rhh1 b4 32. Re4 Qd6 33. Rf1 Bf4 34. Rfe1 a3 35. b3 Bg5 36. f4 Bxf4 37. Re7 Be3 38. Ra7 Qc5 39. Rf1 Qxa7 40. Rf5 Qc7 41. Rf1 Qc3 42. g5 Qb2# 0-1


[Site "https://www.chess.com"]

[Event "Titled Tuesday Blitz October 18 Late 2022"]
[White "Wieczorek, Oskar"]
[Black "Pranav, V"]
[WhiteFideId "1133950"]
[BlackFideId "25060783"]
[WhiteElo "2404"]
[BlackElo "2430"]
[Result "0-1"]
[Round "03"]
[TimeControl "180+1"]
[Date "2022.10.18"]
[WhiteClock "0:00:02"]
[BlackClock "0:00:04"]

1. e4 c5 2. Nf3 Nc6 3. b4 Nxb4 4. c3 Nc6 5. d4 cxd4 6. cxd4 e5 7. d5 Nce7 8. Nxe5 Ng6 9. Nc4 Bb4+ 10. Bd2 Bc5 11. Nc3 d6 12. Na4 Nf6 13. Nxc5 dxc5 14. Qa4+ Bd7 15. Qc2 O-O 16. Be2 Re8 17. Nd6 Ba4 18. Qxa4 Qxd6 19. f3 Qe5 20. O-O Nxd5 21. exd5 Qxe2 22. Rfe1 b5 23. Rxe2 bxa4 24. Rxe8+ Rxe8 25. Rc1 Rc8 26. d6 Nf8 27. Rc4 Rc6 28. Rxa4 a6 29. Be3 Nd7 30. Bf4 f5 31. h4 Kf7 32. Ra3 Nf6 33. Rd3 c4 34. Rd1 Rc8 35. d7 Rd8 36. Rd4 c3 37. Rc4 Nd5 38. Be5 Rxd7 39. Bxc3 Ne3 40. Ra4 Rd1+ 41. Kh2 Rd3 42. Be5 Rd2 43. Kg3 g6 44. Rxa6 Rxg2+ 45. Kf4 Nd5# 0-1


[Site "https://www.chess.com"]

[Event "Titled Tuesday Blitz October 18 Late 2022"]
[White "Wiegmann, Sascha"]
[Black "Vusatiuk, Vladimir"]
[WhiteFideId "4682041"]
[BlackFideId "14118610"]
[WhiteElo "2283"]
[BlackElo "2208"]
[Result "0-1"]
[Round "03"]
[TimeControl "180+1"]
[Date "2022.10.19"]
[WhiteClock "0:00:06"]
[BlackClock "0:00:08"]

1. Nf3 Nf6 2. g3 g6 3. Bg2 Bg7 4. O-O O-O 5. d3 d5 6. Nbd2 c5 7. e4 dxe4 8. dxe4 Nc6 9. c3 b6 10. Re1 e6 11. e5 Nd5 12. h4 Qc7 13. Qe2 h6 14. Nf1 a5 15. N1h2 Ba6 16. Qe4 Rad8 17. Ng4 h5 18. Nh6+ Kh8 19. g4 hxg4 20. Nxg4 Nde7 21. Bg5 Bd3 22. Qf4 Bf5 23. Nf6 Nd5 24. Qg3 Bxf6 25. Bxf6+ Nxf6 26. exf6 Qxg3 27. fxg3 Rd6 28. Rad1 Rfd8 29. Rxd6 Rxd6 30. Kf2 e5 31. Ng5 Rxf6 32. Ke3 Kg7 33. Rd1 a4 34. g4 Bxg4 35. Rd2 Na5 36. Bd5 Be6 37. Ne4 Bxd5 38. Rxd5 Re6 39. Kd3 f5 40. Ng5 Re7 41. Rd6 f4 42. Ke4 Nc4 43. Rc6 Nd2+ 44. Kd3 Nf1 45. Ne4 Ng3 46. Nd6 e4+ 47. Kd2 e3+ 48. Ke1 f3 49. Ne8+ Rxe8 50. Kd1 e2+ 51. Kc2 e1=Q 52. Rc7+ Re7 53. Rxe7+ Qxe7 54. b3 f2 55. bxa4 f1=Q 56. Kb3 Qe6+ 57. c4 Qfxc4+ 58. Ka3 Qee2 59. a5 Qexa2# 0-1


[Site "https://www.chess.com"]

[Event "Titled Tuesday Blitz October 18 Late 2022"]
[White "Winkels, Marcel"]
[Black "Ekdyshman, Mikhail"]
[WhiteFideId "1003887"]
[BlackFideId "4149416"]
[WhiteElo "1900"]
[BlackElo "2164"]
[Result "0-1"]
[Round "03"]
[TimeControl "180+1"]
[Date "2022.10.19"]
[WhiteClock "0:01:23"]
[BlackClock "0:00:20"]

1. e4 c5 2. Nf3 Nf6 3. e5 Nd5 4. Nc3 Nxc3 5. dxc3 Nc6 6. Bc4 e6 7. O-O Qc7 8. Re1 b6 9. Qe2 h6 10. Bf4 Bb7 11. Nd2 O-O-O 12. Rad1 f5 13. a3 g5 14. Bg3 f4 15. Ne4 Qxe5 16. Ba6 d5 17. Bxb7+ Kxb7 18. Nxc5+ Bxc5 19. Qxe5 Nxe5 20. Rxe5 fxg3 21. hxg3 Rhf8 22. Rd2 Rf6 23. Rde2 Rdf8 24. Rxe6 Rxf2 25. Kh2 Rxe2 26. Rxe2 Rf2 27. Re6 h5 28. b4 Bf8 29. Re5 h4 30. Rxd5 Rxc2 31. Rxg5 Bd6 32. Rg7+ Ka6 33. b5+ Kxb5 34. Rxa7 Rxc3 35. a4+ Kc6 36. a5 Bxg3+ 37. Kh3 Bb8+ 38. Kxh4 Bxa7 39. axb6 Bxb6 40. g4 Kd6 41. g5 Ke6 42. Kh5 Kf5 43. Kh6 Bd4 44. g6 Rh3# 0-1


[Site "https://www.chess.com"]

[Event "Titled Tuesday Blitz October 18 Late 2022"]
[White "Yanchenko, Roman"]
[Black "Naroditsky, Daniel"]
[WhiteFideId "4137329"]
[BlackFideId "2026961"]
[WhiteElo "2514"]
[BlackElo "2628"]
[Result "1/2-1/2"]
[Round "03"]
[TimeControl "180+1"]
[Date "2022.10.18"]
[WhiteClock "0:00:17"]
[BlackClock "0:00:07"]

1. d4 Nf6 2. c4 g6 3. Nf3 Bg7 4. Nc3 O-O 5. g3 d6 6. Bg2 Nbd7 7. O-O e5 8. e3 c6 9. dxe5 Nxe5 10. Nxe5 dxe5 11. b3 Qe7 12. Qc2 Bf5 13. Ne4 Rad8 14. Bb2 h5 15. Rad1 h4 16. Nxf6+ Bxf6 17. Be4 Bg4 18. Rxd8 Rxd8 19. f3 Be6 20. Rd1 Rxd1+ 21. Qxd1 Qc5 22. Kf2 Bg5 23. Qd2 hxg3+ 24. hxg3 f5 25. Bb1 f4 26. gxf4 exf4 27. Qd4 fxe3+ 28. Ke2 Qxd4 29. Bxd4 Bf5 30. Bxf5 gxf5 31. Bxa7 f4 32. b4 Kf7 33. b5 cxb5 34. cxb5 Ke6 35. Kd3 Kd5 36. a4 Be7 37. a5 Bc5 38. Bb8 Bd6 39. Ba7 Bc5 40. Bb8 Bd6 41. Ba7 Bc5 1/2-1/2


[Site "https://www.chess.com"]

[Event "Titled Tuesday Blitz October 18 Late 2022"]
[White "Yuan, Qingyu"]
[Black "Bluebaum, Matthias"]
[WhiteFideId "8609772"]
[BlackFideId "24651516"]
[WhiteElo "2359"]
[BlackElo "2633"]
[Result "1-0"]
[Round "03"]
[TimeControl "180+1"]
[Date "2022.10.18"]
[WhiteClock "0:00:04"]
[BlackClock "0:00:06"]

1. d4 Nf6 2. Bf4 d5 3. e3 c5 4. c3 Nc6 5. Nd2 Bf5 6. Ngf3 e6 7. Be2 Be7 8. h3 h6 9. O-O O-O 10. Ne5 Qb6 11. Qb3 c4 12. Qxb6 axb6 13. a3 b5 14. Rac1 Nxe5 15. Bxe5 Nd7 16. Bh2 Nb6 17. Bd1 Na4 18. Bxa4 bxa4 19. e4 Bg6 20. exd5 exd5 21. Bf4 Ra5 22. Rce1 Bf6 23. Bd6 Rd8 24. Bc7 Rda8 25. Bxa5 Rxa5 26. Ra1 Rb5 27. Ra2 Rb6 28. Re1 Kf8 29. Nf3 Bf5 30. Kf1 Bd3+ 31. Kg1 Bd8 32. Ne5 Bf5 33. g4 Bc8 34. Re2 g5 35. Kf1 f6 36. Nf3 Be6 37. Ne1 f5 38. f3 Bc7 39. Nc2 Kf7 40. Nb4 Bg3 41. Kg2 Bd6 42. Ra1 Rb5 43. Rae1 Bd7 44. Re5 Bxe5 45. Rxe5 fxg4 46. hxg4 Be6 47. Kg3 Kf6 48. f4 gxf4+ 49. Kxf4 Ra5 50. Rh5 Kg6 51. Re5 Kf6 52. Rh5 Kg6 53. Rh2 Ra8 54. Re2 Rf8+ 55. Kg3 Rf6 56. Re5 Kf7 57. Nxd5 Rf1 58. Nf4 Rg1+ 59. Kf2 Rxg4 60. Nxe6 Rh4 61. Kg3 Rh1 62. Nc5 Rb1 63. Nxa4 Kf6 64. Rb5 Kg6 65. d5 Kf5 66. d6+ Ke6 67. Rb6 Rd1 68. Nc5+ Kd5 69. Nxb7 Ke4 70. Rc6 Ke3 71. Rc5 Rg1+ 72. Kh2 Rg7 73. Rxc4 Rxb7 74. Rd4 Rxb2+ 75. Kh3 Rb8 76. d7 Rd8 77. a4 1-0


[Site "https://www.chess.com"]

[Event "Titled Tuesday Blitz October 18 Late 2022"]
[White "Zhukov, Maksim"]
[Black "Ballester Llagaria, Luis Eduardo"]
[WhiteFideId "34181790"]
[BlackFideId "2297620"]
[WhiteElo "1929"]
[BlackElo "2344"]
[Result "0-1"]
[Round "03"]
[TimeControl "180+1"]
[Date "2022.10.19"]
[WhiteClock "0:01:58"]
[BlackClock "0:00:50"]

1. Nf3 d5 2. g3 Bg4 3. Bg2 c6 4. O-O Nd7 5. d3 e5 6. Nbd2 Ngf6 7. e4 dxe4 8. dxe4 Bc5 9. b3 O-O 10. Bb2 Qe7 11. h3 Bh5 12. g4 Bg6 13. Nh4 Rfe8 14. Nf5 Bxf5 15. gxf5 Rad8 16. Qe2 Bd4 17. c3 Bb6 18. a4 Nc5 19. b4 Nd3 20. Nc4 Nf4 21. Qf3 Rd3 22. Ne3 Bxe3 23. fxe3 Red8 24. Rad1 Rxd1 25. Rxd1 Rxd1+ 26. Qxd1 Nxg2 27. Kxg2 Nxe4 28. c4 Qg5+ 29. Qg4 Qxe3 0-1


[Site "https://www.chess.com"]

[Event "Titled Tuesday Blitz October 18 Late 2022"]
[White "Zhurbinsky, David"]
[Black "Suleymanli, Aydin"]
[WhiteFideId "2072904"]
[BlackFideId "13413937"]
[WhiteElo "2584"]
[BlackElo "2481"]
[Result "0-1"]
[Round "03"]
[TimeControl "180+1"]
[Date "2022.10.18"]
[WhiteClock "0:00:02"]
[BlackClock "0:00:03"]

1. e4 Nf6 2. e5 Nd5 3. d4 d6 4. Nf3 Nb6 5. c4 g6 6. Nc3 Bg7 7. Bf4 Nc6 8. exd6 exd6 9. h3 O-O 10. Be2 Re8 11. O-O Bf5 12. Qd2 d5 13. c5 Nc4 14. Bxc4 dxc4 15. d5 Nb4 16. d6 c6 17. Rfe1 Nd3 18. Rxe8+ Qxe8 19. Bh6 Bh8 20. Na4 Be4 21. Ne1 Ne5 22. Rc1 Rd8 23. f4 Nd7 24. Rxc4 b5 25. cxb6 Nxb6 26. Nxb6 axb6 27. Bg5 f6 28. Bh4 Bd5 29. Ra4 Rxd6 30. Ra7 Re6 31. Nf3 Re2 32. Qc3 g5 33. Bg3 f5 34. Qd3 Rxb2 35. Qxf5 Rxg2+ 36. Kh1 Rh2+ 37. Kxh2 Qe2+ 38. Kg1 Bd4+ 39. Kh1 Qxf3+ 40. Kh2 Qg2# 0-1


[Site "https://www.chess.com"]

[Event "Titled Tuesday Blitz October 18 Late 2022"]
[White "Zierk, Steven"]
[Black "Storey, Charles H"]
[WhiteFideId "2034255"]
[BlackFideId "406686"]
[WhiteElo "2494"]
[BlackElo "2252"]
[Result "1-0"]
[Round "03"]
[TimeControl "180+1"]
[Date "2022.10.18"]
[WhiteClock "0:00:03"]
[BlackClock "0:00:02"]

1. e4 g6 2. d4 Bg7 3. Nc3 c5 4. dxc5 Bxc3+ 5. bxc3 Nf6 6. Bd3 Qa5 7. Ne2 Qxc5 8. Be3 Qa5 9. O-O Nc6 10. h3 b6 11. f4 Bb7 12. e5 Nd5 13. Bd2 Qc5+ 14. Rf2 Ne3 15. Qc1 Nxg2 16. Kxg2 Nxe5+ 17. Kf1 Nxd3 18. cxd3 Qf5 19. Rh2 Qxd3 20. Be3 Rc8 21. Qd2 Qe4 22. Bd4 f6 23. Ng1 Ba6+ 24. Kf2 Qd3 25. Qe1 Kf7 26. Rd1 Qc4 27. Kg3 d6 28. Nf3 Rhe8 29. h4 e5 30. fxe5 dxe5 31. Bxe5 fxe5 32. Nxe5+ Rxe5 33. Qxe5 Qc7 34. Rf2+ Kg8 35. Qxc7 Rxc7 36. Rf3 Bb7 37. Rfd3 Bc6 38. h5 Kg7 39. Kh4 gxh5 40. Rg1+ Kf6 41. Rd6+ Ke5 42. Rh6 Be4 43. Rxh5+ Kf4 44. Rg4+ Kf3 45. Re5 Rc4 46. a3 a5 47. Re6 b5 48. Re5 b4 49. cxb4 axb4 50. axb4 Rxb4 51. Ra5 Rc4 52. Ra3+ Kf2 53. Rf4+ Ke2 54. Kg3 Bd3 55. Rf2+ Kd1 56. Rxd3+ Kc1 57. Ra3 Rc5 58. Ra1# 1-0


[Site "https://www.chess.com"]

[Event "Titled Tuesday Blitz October 18 Late 2022"]
[White "Zochowski, Kacper"]
[Black "Shapiro, Daniel"]
[WhiteFideId "1125494"]
[BlackFideId "2001780"]
[WhiteElo "2292"]
[BlackElo "2211"]
[Result "1-0"]
[Round "03"]
[TimeControl "180+1"]
[Date "2022.10.19"]
[WhiteClock "0:00:25"]
[BlackClock "0:00:07"]

1. Nf3 Nf6 2. c4 Nc6 3. d4 e6 4. Nc3 Bb4 5. Bg5 h6 6. Bxf6 Qxf6 7. e3 b6 8. Be2 Bb7 9. O-O O-O 10. Qc2 Rfe8 11. a3 Bf8 12. b4 Ne7 13. Rfd1 Ng6 14. d5 d6 15. Nd4 Ne7 16. Ndb5 Rec8 17. Bf3 a6 18. Nd4 c6 19. dxe6 fxe6 20. Bg4 e5 21. Bxc8 Bxc8 22. Nf3 Be6 23. Rxd6 Nf5 24. Rxc6 e4 25. Qxe4 Re8 26. Rc1 Nd6 27. Qd4 Nxc4 28. Qxf6 gxf6 29. Nd4 Bf7 30. Rxf6 Bg7 31. Rc6 Nxa3 32. Rxb6 Bc4 33. h3 Rd8 34. Nf5 Be5 35. Nxh6+ Kf8 36. Ng4 Bc7 37. Rc6 Bb8 38. Ne4 Bb5 39. Rh6 Kg7 40. Ng5 Be2 41. Ne6+ Kf7 42. Nxd8+ Kg7 43. Nc6 Bxg4 44. hxg4 Kxh6 45. Nxb8 1-0


[Site "https://www.chess.com"]

[Event "Titled Tuesday Blitz October 18 Late 2022"]
[White "Zverev, Lev"]
[Black "Chan, Kim Yew"]
[WhiteFideId "24250775"]
[BlackFideId "5717981"]
[WhiteElo "2207"]
[BlackElo "2206"]
[Result "1-0"]
[Round "03"]
[TimeControl "180+1"]
[Date "2022.10.19"]
[WhiteClock "0:01:52"]
[BlackClock "0:00:03"]

1. e4 e5 2. Nf3 Nf6 3. Nxe5 d6 4. Nf3 Nxe4 5. Nc3 Nxc3 6. dxc3 Be7 7. Bd3 Nc6 8. h4 Be6 9. h5 h6 10. Nd4 Nxd4 11. cxd4 Qd7 12. Be3 O-O-O 13. Qd2 Bf5 14. O-O-O Bf6 15. Qa5 Bxd3 16. Qxa7 Qc6 17. Rxd3 Qxg2 18. Rhd1 Qc6 19. Rc3 Qa6 20. Qxa6 bxa6 21. Kd2 g5 22. hxg6 fxg6 23. Rc6 Kb7 24. d5 h5 25. Ke2 h4 26. Kf1 h3 27. Kg1 Rh4 28. Rd3 Rg4+ 29. Kh1 h2 30. Rb3+ Kc8 31. f3 Rg3 32. f4 Rh8 33. Bb6 Bd8 34. Rxg3 1-0


[Site "https://www.chess.com"]

[Event "Titled Tuesday Blitz October 18 Late 2022"]
[White "Abdyzhapar, Asylbek"]
[Black "Urazayev, Arystanbek"]
[WhiteFideId "13800337"]
[BlackFideId "13709810"]
[WhiteElo "2323"]
[BlackElo "2441"]
[Result "1-0"]
[Round "04"]
[TimeControl "180+1"]
[Date "2022.10.18"]
[WhiteClock "0:01:55"]
[BlackClock "0:00:01"]

1. d4 Nf6 2. c4 g6 3. Nc3 Bg7 4. e4 d6 5. Nf3 O-O 6. Be2 Bg4 7. Be3 Nfd7 8. O-O Nc6 9. d5 Bxf3 10. Bxf3 Nb4 11. Rc1 c5 12. a3 Na6 13. Be2 Nc7 14. b4 a5 15. bxc5 Nxc5 16. f3 b6 17. Qc2 Rb8 18. Rb1 Qd7 19. Nb5 Nxb5 20. Rxb5 f5 21. exf5 gxf5 22. Rfb1 Qc7 23. g3 Nd7 24. Kg2 Nc5 25. f4 Kh8 26. h4 Nd7 27. Bd3 Nc5 28. Bxf5 Bf6 29. g4 e6 30. dxe6 Qc6+ 31. Kg3 Qc7 32. g5 Bg7 33. h5 h6 34. gxh6 Bxh6 35. Bg6 d5 36. Rf1 Nxe6 37. cxd5 Nxf4 38. Qxc7 Nxh5+ 39. Bxh5 1-0


[Site "https://www.chess.com"]

[Event "Titled Tuesday Blitz October 18 Late 2022"]
[White "Adewumi, Tanitoluwa"]
[Black "Matinian, Nikita"]
[WhiteFideId "30966396"]
[BlackFideId "24129100"]
[WhiteElo "2540"]
[BlackElo "2721"]
[Result "0-1"]
[Round "04"]
[TimeControl "180+1"]
[Date "2022.10.19"]
[WhiteClock "0:00:08"]
[BlackClock "0:01:03"]

1. e4 e5 2. Nf3 Nc6 3. Nc3 Bb4 4. Bb5 Nf6 5. O-O O-O 6. Re1 Re8 7. d3 a6 8. Bxc6 dxc6 9. Ne2 a5 10. Ng3 a4 11. a3 Bf8 12. h3 c5 13. Nh4 g6 14. f4 Nxe4 15. Nxe4 Qxh4 16. f5 f6 17. Qf3 Bxf5 18. g3 Bxe4 19. Rxe4 Qxh3 20. Rh4 Qe6 21. Be3 b6 22. Kg2 Bg7 23. Rah1 h5 24. g4 e4 25. dxe4 Qxe4 26. gxh5 Qxe3 27. Qd5+ Qe6 0-1


[Site "https://www.chess.com"]

[Event "Titled Tuesday Blitz October 18 Late 2022"]
[White "Al Hosani, Omran"]
[Black "Wieczorek, Oskar"]
[WhiteFideId "9308733"]
[BlackFideId "1133950"]
[WhiteElo "2575"]
[BlackElo "2757"]
[Result "1-0"]
[Round "04"]
[TimeControl "180+1"]
[Date "2022.10.19"]
[WhiteClock "0:00:09"]
[BlackClock "0:00:04"]

1. e4 c5 2. Nf3 e6 3. d4 cxd4 4. Nxd4 Nf6 5. Nc3 d6 6. Bc4 Be7 7. Bb3 O-O 8. Be3 Na6 9. f4 Nc5 10. Qf3 d5 11. e5 Nfe4 12. Nxe4 dxe4 13. Qf2 Qc7 14. Qe2 a6 15. O-O-O b5 16. Kb1 Bd7 17. g4 a5 18. Nxb5 Bxb5 19. Qxb5 a4 20. Bxa4 Nxa4 21. Rd7 Qb8 22. Qxb8 Rfxb8 23. Rxe7 Nc3+ 24. Kc1 Nd5 25. Bc5 Rxa2 26. Ra7 Raxb2 27. Ra1 Nxf4 28. Bd6 Nd5 29. Bxb8 Rxb8 30. Kd2 e3+ 31. Ke2 Rc8 32. c4 Nb4 33. Rhb1 Nc2 34. Ra2 Nd4+ 35. Kxe3 Nc6 36. Ke4 f6 37. exf6 gxf6 38. Rb7 Ne5 39. Rc2 Rc5 40. Rb5 Rc8 41. c5 Nc6 42. Rb6 Kf7 43. Ra2 Kg6 44. Raa6 Ne7 45. Rxe6 Ng8 46. c6 1-0


[Site "https://www.chess.com"]

[Event "Titled Tuesday Blitz October 18 Late 2022"]
[White "Al-Tarboush, Ward"]
[Black "Baskakov, Egor"]
[WhiteFideId "7601450"]
[BlackFideId "24197866"]
[WhiteElo "2570"]
[BlackElo "2754"]
[Result "1/2-1/2"]
[Round "04"]
[TimeControl "180+1"]
[Date "2022.10.19"]
[WhiteClock "0:01:33"]
[BlackClock "0:01:57"]

1. e4 c5 2. Nf3 Nf6 3. e5 Nd5 4. Nc3 e6 5. Nxd5 exd5 6. Be2 Nc6 7. O-O d6 8. d4 Be7 9. Bf4 O-O 10. Re1 Bg4 11. exd6 Bxd6 12. Bxd6 Qxd6 13. dxc5 Qxc5 14. c3 Rad8 15. Nd4 Bxe2 16. Rxe2 Nxd4 17. Qxd4 Qxd4 18. cxd4 Rfe8 19. Rae1 Kf8 20. g3 Rxe2 21. Rxe2 Rc8 22. Kg2 Rc4 23. Rd2 f6 24. Kf3 Ke7 25. Ke3 Kd6 26. Kd3 Rc1 27. f4 g6 28. Re2 Kd7 29. Rc2 Rxc2 30. Kxc2 Ke6 31. g4 f5 32. g5 Kd6 33. Kb3 Kc6 34. Kb4 b6 35. b3 a6 36. h3 Kd6 37. a4 Kc6 38. a5 b5 39. h4 Kd6 40. Kc3 Kc6 41. b4 Kd6 1/2-1/2


[Site "https://www.chess.com"]

[Event "Titled Tuesday Blitz October 18 Late 2022"]
[White "Alexikov, Alexander"]
[Black "Sailer, Mike"]
[WhiteFideId "14103958"]
[BlackFideId "2012901"]
[WhiteElo "2222"]
[BlackElo "2109"]
[Result "1/2-1/2"]
[Round "04"]
[TimeControl "180+1"]
[Date "2022.10.19"]
[WhiteClock "0:00:52"]
[BlackClock "0:00:11"]

1. e4 d5 2. exd5 Qxd5 3. Nc3 Qd6 4. d4 Nf6 5. g3 c6 6. Bg2 Bf5 7. Nge2 e6 8. O-O Be7 9. Bf4 Qd8 10. h3 h6 11. g4 Bh7 12. Qd2 O-O 13. Rad1 Nbd7 14. Ng3 Nb6 15. Nce4 Nxe4 16. Nxe4 Nd5 17. Bh2 Nf6 18. Qe2 Nxe4 19. Bxe4 Bxe4 20. Qxe4 Bd6 21. Be5 Qc7 22. f4 Rad8 23. b3 Bxe5 24. dxe5 Rd5 25. c4 Rxd1 26. Rxd1 Rd8 27. Rxd8+ Qxd8 28. Qe3 Qd1+ 29. Kg2 Qc2+ 30. Qf2 Qxf2+ 31. Kxf2 Kf8 32. Ke3 c5 33. a3 a5 34. Kd3 Ke7 35. Kc3 Kd7 36. b4 cxb4+ 37. axb4 b6 38. Kb3 Kc6 39. Ka4 axb4 40. Kxb4 g6 41. h4 h5 42. g5 Kc7 43. Kb5 Kb7 44. c5 bxc5 45. Kxc5 Kc7 46. Kb5 Kd7 47. Kb6 Kd8 48. Kc6 Kc8 49. Kd6 Kd8 50. Kc6 Kc8 51. Kd6 Kd8 52. Kc6 1/2-1/2


[Site "https://www.chess.com"]

[Event "Titled Tuesday Blitz October 18 Late 2022"]
[White "Almedina Ortiz, Edgardo J."]
[Black "Yurtseven, Melih"]
[WhiteFideId "3100197"]
[BlackFideId "6312160"]
[WhiteElo "2217"]
[BlackElo "2218"]
[Result "0-1"]
[Round "04"]
[TimeControl "180+1"]
[Date "2022.10.19"]
[WhiteClock "0:00:01"]
[BlackClock "0:00:19"]

1. e4 e6 2. d4 d5 3. Nd2 dxe4 4. Nxe4 Nd7 5. Bd3 Ngf6 6. Qe2 Be7 7. Nf3 O-O 8. O-O Nxe4 9. Qxe4 Nf6 10. Qh4 Qd5 11. c4 Qh5 12. Qxh5 Nxh5 13. Re1 c6 14. b3 Rd8 15. Bb2 Nf4 16. Bf1 Bf6 17. Rad1 Bd7 18. g3 Ng6 19. h4 a5 20. h5 Ne7 21. Ne5 Nf5 22. Bh3 Be8 23. d5 a4 24. dxc6 bxc6 25. Bxf5 exf5 26. f4 axb3 27. axb3 Rab8 28. Rxd8 Bxd8 29. Nd3 Bb6+ 30. c5 Ba5 31. b4 Bc7 32. Re7 Rc8 33. Be5 Kf8 0-1


[Site "https://www.chess.com"]

[Event "Titled Tuesday Blitz October 18 Late 2022"]
[White "Amburgy, Ryan"]
[Black "Vusatiuk, Vladimir"]
[WhiteFideId "30924820"]
[BlackFideId "14118610"]
[WhiteElo "2728"]
[BlackElo "2542"]
[Result "1-0"]
[Round "04"]
[TimeControl "180+1"]
[Date "2022.10.19"]
[WhiteClock "0:00:42"]
[BlackClock "0:00:02"]

1. Nf3 Nf6 2. c4 c6 3. Nc3 d5 4. e3 g6 5. d4 Bg7 6. Bd3 O-O 7. O-O dxc4 8. Bxc4 b5 9. Bb3 Bb7 10. Qe2 Ba6 11. Nb1 Nd5 12. Rd1 e6 13. e4 Nb6 14. Bg5 Qc7 15. Qe3 N8d7 16. Nc3 c5 17. d5 c4 18. dxe6 fxe6 19. Bc2 Nc5 20. a3 Nb3 21. Bxb3 cxb3 22. Nd2 Nc4 23. Nxc4 bxc4 24. Bh4 Qf4 25. Qh3 Bc8 26. Be7 e5 27. Qg3 Qxg3 28. hxg3 Re8 29. Bc5 Bb7 30. Rd7 Bc6 31. Rc7 Rec8 32. Rxc8+ Rxc8 33. Rd1 Bh6 34. Bxa7 Bg5 35. Bb6 h5 36. a4 Ra8 37. a5 Be7 38. Nd5 Bxd5 39. exd5 Bb4 40. d6 c3 41. bxc3 Bxa5 42. Bxa5 Rxa5 43. d7 1-0


[Site "https://www.chess.com"]

[Event "Titled Tuesday Blitz October 18 Late 2022"]
[White "Andreikin, Dmitry"]
[Black "Galchenko, Matvey"]
[WhiteFideId "4158814"]
[BlackFideId "24175480"]
[WhiteElo "2736"]
[BlackElo "2423"]
[Result "1-0"]
[Round "04"]
[TimeControl "180+1"]
[Date "2022.10.18"]
[WhiteClock "0:00:13"]
[BlackClock "0:01:13"]

1. d4 Nf6 2. c4 c5 3. Nf3 cxd4 4. Nxd4 e5 5. Nb5 d5 6. cxd5 Bc5 7. e3 O-O 8. N5c3 e4 9. Be2 Bf5 10. g4 Bg6 11. h4 h6 12. g5 hxg5 13. hxg5 Nh7 14. Bh5 Qxg5 15. Bxg6 Qxg6 16. Nd2 Ng5 17. Qh5 Qxh5 18. Rxh5 f6 19. Ndxe4 Nxe4 20. Nxe4 Nd7 21. Bd2 Rfe8 22. Nxc5 Nxc5 23. Ke2 Rad8 24. Rc1 b6 25. Bb4 Ne4 26. Rc7 Ng5 27. Rxa7 Rxd5 28. f4 Rd4 29. Re7 Rxb4 30. Rxe8+ Kf7 31. Rb8 Rxb2+ 32. Kd3 Kg6 33. Rh1 Ne6 34. Ke4 Nc5+ 35. Kf3 Nd7 36. Rg1+ Kf5 37. Rd8 Nc5 38. Rxg7 Rxa2 39. Rd6 Ne4 40. Rd5+ Ke6 41. Kxe4 f5+ 42. Rxf5 Ra4+ 43. Kf3 Kxf5 44. Rg5+ Ke6 45. Rg6+ Kf5 46. Rxb6 Ra3 47. Rb5+ Kf6 48. Rb4 Ra1 49. Ke4 Ra6 50. Rd4 Re6+ 51. Kf3 Ra6 52. e4 Ra1 53. Rd6+ Ke7 54. e5 Rf1+ 55. Ke4 Rd1 56. Rxd1 1-0


[Site "https://www.chess.com"]

[Event "Titled Tuesday Blitz October 18 Late 2022"]
[White "Ansh M Shah"]
[Black "Roque Sola, Jose Luis"]
[WhiteFideId "25033379"]
[BlackFideId "5120390"]
[WhiteElo "2084"]
[BlackElo "2117"]
[Result "1-0"]
[Round "04"]
[TimeControl "180+1"]
[Date "2022.10.19"]
[WhiteClock "0:00:07"]
[BlackClock "0:00:01"]

1. d4 Nf6 2. c4 g6 3. h4 Bg7 4. Nc3 d5 5. h5 dxc4 6. h6 Bf8 7. e4 e6 8. Bxc4 Nc6 9. Nf3 Bb4 10. Bg5 Be7 11. O-O Ng4 12. Bxe7 Qxe7 13. d5 Nce5 14. Nxe5 Nxe5 15. Qd4 Qf6 16. Rad1 O-O 17. Be2 Nd7 18. dxe6 fxe6 19. Bc4 Qxd4 20. Bxe6+ Kh8 21. Rxd4 Ne5 22. Bxc8 Raxc8 23. f3 Nf7 24. Rd7 Nxh6 25. Rfd1 Rf7 26. Rxf7 Nxf7 27. Nb5 a6 28. Nd4 Kg8 29. Ne6 Nd6 30. Kf2 Kf7 31. Nxc7 Rxc7 32. Rxd6 Rc2+ 33. Kg3 Rxb2 34. a4 Rb4 35. a5 Rb5 36. Rd5 Rb2 37. Rc5 Kg7 38. Kh3 Kh6 39. g3 b6 40. axb6 Rxb6 41. Ra5 Rb3 42. Kg4 Rb6 43. e5 Kg7 44. f4 h6 45. Rc5 1-0


[Site "https://www.chess.com"]